 Dungeon Crawl Stone Soup version 0.31.0-32-g396128a36d (webtiles) character file.

Game seed: 16120094569416922912

8985 MollyMolluskus the Grappler (level 11, -1/78 HPs)
             Began as an Octopode Fighter on Apr 9, 2024.
             Was an Elder of Wu Jian.
             Slain by Erica
             ... wielding a +4 scimitar of flaming
              (13 damage)
             ... on level 10 of the Dungeon.
             The game lasted 00:38:17 (9801 turns).

MollyMolluskus the Grappler (Octopode Fighter)      Turns: 9801, Time: 00:38:17

Health: -1/78      AC:  5    Str: 19    XL:     11   Next: 39%
Magic:  11/11      EV: 12    Int: 12    God:    Wu Jian [****..]
Gold:   435        SH:  4    Dex: 11    Spells: 10/10 levels left

rFire   + .          .
                       - Unarmed
rCold   x . .        a - +0 buckler
rNeg    . . .        (helmet restricted)
rPois   .            (no amulet)
rElec   .            d - +4 ring of protection
rCorr   .            r - ring of see invisible
SInv    +            w - ring of fire
Will    .....        (no ring)
Stlth   +++          (no ring)
HPRegen 0.33/turn    (no ring)
MPRegen 0.12/turn    (no ring)
                     (no ring)

%: no passive effects
@: constricted, serpent's lash
A: almost no armour, amphibious, 8 rings, camouflage 1, gelatinous body 1,
(nimble swimmer 1), tentacles
a: Renounce Religion, Wall Jump, Serpent's Lash


You were on level 10 of the Dungeon.
You worshipped Wu Jian.
Wu Jian was greatly pleased with you.
You visited 2 branches of the dungeon, and saw 11 of its levels.

You collected 435 gold pieces.

Inventory:

Hand Weapons
 g - a +4 dagger
 x - a +1 dagger of electrocution
Missiles
 c - 4 curare-tipped darts
 e - 6 javelins (quivered)
 m - 23 poisoned darts
Armour
 a - a +0 buckler (worn)
Jewellery
 d - a +4 ring of protection (left tentacle)
 r - a ring of see invisible (right tentacle)
 w - a ring of fire (on tentacle)
Talismans
 j - a serpent talisman
Wands
 n - a wand of paralysis (23)
 t - a wand of flame (1)
 u - a wand of digging (7)
 v - a wand of polymorph (5)
 y - a wand of mindburst (4)
Scrolls
 b - 2 scrolls of teleportation
 s - 3 scrolls of immolation
Potions
 f - 2 potions of invisibility
 h - a potion of resistance {unknown}
 i - 2 potions of enlightenment
 k - 2 potions of curing
 l - 3 potions of attraction
 o - 2 potions of haste {unknown}
 p - 2 potions of brilliance {unknown}
 q - a potion of degeneration {unknown}
 z - 2 potions of ambrosia {unknown}


   Skills:
 + Level 8.3 Fighting
 - Level 4.0 Throwing
 - Level 8.0 Dodging
 - Level 4.0 Stealth
 - Level 4.0 Shields
 * Level 11.2 Unarmed Combat
 + Level 6.7 Evocations


You had 10 spell levels left.
You didn't know any spells.
Your spell library contained the following spells:

 Spells                   Type           Power      Damage    Failure   Level
 Magic Dart               Conj           0%         1d3       38%         1
 Blink                    Tloc           0%         N/A       52%         2
 Call Imp                 Summ           0%         N/A       52%         2


Dungeon Overview and Level Annotations

Branches:
Dungeon (10/15)            Temple (1/1) D:4            Lair (0/5) D:8
    Orc (0/2) D:10

Altars:
Ashenzari
Cheibriados
Dithmenos
Elyvilon
Fedhas
Gozag
Hepliaklqana
Kikubaaqudgha
Makhleb
Nemelex Xobeh
Qazlal
Ru
Sif Muna
Trog
Uskayaw
Vehumet
Wu Jian
Xom
Yredelemnul
Zin
The Shining One
Lugonu

Shops:
D:4 (   D:9 [

Portals:
Abyss: D:8

Annotations:
D:8 2 runed translucent doors
D:10 Erica


Innate Abilities, Weirdness & Mutations

You cannot wear most types of armour.
You are amphibious.
You can wear up to eight rings at the same time.
Your skin changes colour to match your surroundings (Stealth+).
Your rubbery body absorbs attacks. (AC +1, EV +1)
((You are camouflaged when in or above water. (Stealth+)))
You have tentacles for arms and can constrict up to eight enemies at once.


Message History

You feel very sick.
The orc wizard gestures wildly while chanting.
The orc wizard flickers and vanishes for a moment.
Erica barely misses you. Erica grabs you. Erica constricts you.
You hear an angry hiss.
Unknown command.
You tentacle-slap Erica. You grab Erica.
Erica is lightly wounded.
You constrict Erica, but do no damage.
You feel sick.
Erica boasts, "If terror be the object, I am a masterpiece!"
Erica closely misses you. Erica constricts you.
The orc warrior hits you with a +0 short sword!
Unknown command.
You tentacle-slap the orc warrior but do no damage.
You grab the orc warrior. You constrict the orc warrior. You constrict Erica.
You feel sick.
Erica hits you with a +4 scimitar of flaming!!
* * * LOW HITPOINT WARNING * * *
Erica constricts you.
* * * LOW HITPOINT WARNING * * *
The orc warrior closely misses you.
You feel better.
You constrict the orc warrior, but do no damage.
You constrict Erica.
Erica hits you with a +4 scimitar of flaming!
* * * LOW HITPOINT WARNING * * *
Erica burns you.
* * * LOW HITPOINT WARNING * * *
Erica constricts you.
* * * LOW HITPOINT WARNING * * *
A steam dragon comes into view.
You block the orc warrior's attack.
Unknown command.
Your muscles tense, ready for explosive movement...
Erica's grasp on you weakens, but your attempt to escape fails.
You constrict the orc warrior. You constrict Erica.
The orc hits you but does no damage.
Erica hits you with a +4 scimitar of flaming!
You die...
Erica begins burbling mirthfully and uncontrollably.

# #. ##########
... #<.^.....#
.... #........#
..... #........#
......###........#
......x@'........+
.....)oo#........#
.>()...##........#
...o..# #........#
...... #######+##
D..... ..... .....


You could see Erica, a steam dragon (wandering), an orc warrior, an orc wizard
(invisible) and an orc.

Vanquished Creatures
  Pikel (D:8)
  A komodo dragon (D:8)
  Maggie (D:8)
  A troll (D:9)
  Grinder (D:6)
  Prince Ribbit (D:8)
  A shadow (D:9)
  Sigmund (D:4)
  A wyvern (D:7)
  A wraith (D:6)
  8 yaks
  Grum (D:8)
  An acid dragon (D:8)
  5 water moccasins (D:8)
  The ghost of middlethird the Magician, an amateur VSIE (D:5)
  5 orc warriors
  A sky beast (D:6)
  Duvessa (D:4)
  An ice beast (D:6)
  A black bear (D:6)
  2 ogres (D:4)
  2 wolves (D:8)
  2 centaurs
  A lemure (D:8)
  Blork the orc (D:5)
  2 kobold brigands
  6 bullfrogs
  2 gnoll sergeants
  5 scorpions
  7 wights
  Dowan (D:4)
  10 killer bees
  6 electric eels (D:9)
  A howler monkey (D:9)
  3 bombardier beetles
  4 orc priests
  8 hounds
  Crazy Yiuf (D:5)
  A gnoll bouda (D:9)
  2 jellies
  2 sleepcaps
  Natasha (thrice) (D:3)
  3 iguanas
  5 orc wizards
  Ijyb (D:3)
  21 gnolls
  An adder (D:6)
  3 shadow imps
  3 white imps
  5 ufetubi
  A ribbon worm (D:4)
  2 dart slugs
  31 orcs
  10 endoplasms
  4 giant cockroaches
  8 goblins
  5 hobgoblins
  5 jackals
  A quokka (D:3)
  11 ball pythons
  6 bats
  3 frilled lizards (D:1)
  13 kobolds
  3 rats
  A butterfly (D:4)
253 creatures vanquished.

Notes
Turn   | Place    | Note
-------+----------+-------------------------------------------
     0 | D:1      | MollyMolluskus the Octopode Fighter began the quest for the
                  | Orb.
     0 | D:1      | Reached XP level 1. HP: 16/16 MP: 1/1
   228 | D:1      | Reached XP level 2. HP: 13/21 MP: 2/2
   537 | D:1      | Reached skill level 1 in Stealth
   731 | D:1      | Found a faded altar of an unknown god.
   763 | D:1      | Reached XP level 3. HP: 25/26 MP: 3/3
  1131 | D:2      | Identified the +3 falchion of Youthful Indiscretion
                  | {freeze, MP+9}
  1148 | D:2      | Found a shimmering altar of Xom.
  1620 | D:3      | Noticed Ijyb
  1633 | D:3      | Paralysed by Ijyb for 4 turns
  1644 | D:3      | Reached XP level 4. HP: 28/31 MP: 4/4
  1644 | D:3      | Paralysed by Ijyb for 4 turns
  1650 | D:3      | Killed Ijyb
  1651 | D:3      | Reached skill level 3 in Unarmed Combat
  1690 | D:3      | Noticed Natasha
  1695 | D:3      | Killed Natasha
  1722 | D:3      | Found a basalt altar of Yredelemnul.
  1758 | D:3      | Reached XP level 5. HP: 33/36 MP: 5/5
  1944 | D:3      | Noticed Natasha
  1949 | D:3      | Killed Natasha
  1993 | D:3      | Noticed Natasha
  2001 | D:3      | Killed Natasha
  2002 | D:3      | Reached skill level 1 in Evocations
  2219 | D:4      | Found Dytucsef's Antique Weapon Shoppe.
  2221 | D:4      | Noticed Dowan
  2286 | D:4      | Noticed Sigmund
  2294 | D:4      | Killed Sigmund
  2295 | D:4      | Reached skill level 4 in Unarmed Combat
  2295 | D:4      | Reached XP level 6. HP: 30/43 MP: 6/6
  2385 | D:4      | Reached skill level 1 in Throwing
  2445 | D:4      | Found a staircase to the Ecumenical Temple.
  2461 | D:4      | Reached XP level 7. HP: 10/48 MP: 7/7
  2471 | Temple   | Entered the Ecumenical Temple
  2488 | Temple   | Became a worshipper of the Wu Jian Council
  2735 | D:4      | Found a hide-covered altar of Uskayaw.
  2848 | D:4      | Found a shimmering altar of Xom.
  3052 | D:4      | Killed Dowan
  3052 | D:4      | Noticed Duvessa
  3061 | D:4      | Killed Duvessa
  3336 | D:5      | Entered Level 5 of the Dungeon
  3343 | D:5      | Reached skill level 5 in Unarmed Combat
  3349 | D:5      | Reached XP level 8. HP: 34/54 MP: 8/8
  3520 | D:5      | Found a runed translucent door.
  3520 | D:5      | Noticed middlethird's ghost (amateur VSIE)
  3740 | D:5      | Reached * piety under Wu Jian
  3770 | D:5      | Noticed Blork the orc
  3778 | D:5      | Killed Blork the orc
  3924 | D:5      | Reached skill level 6 in Unarmed Combat
  4174 | D:5      | Reached skill level 5 in Dodging
  4180 | D:5      | Reached skill level 5 in Fighting
  4444 | D:5      | Found the +6 shillelagh "Devastator" {shatter}
  4483 | D:5      | Found a runed translucent door.
  4484 | D:5      | Noticed Crazy Yiuf
  4494 | D:5      | Killed Crazy Yiuf
  4692 | D:5      | Killed middlethird's ghost
  4830 | D:6      | Reached XP level 9. HP: 38/61 MP: 9/9
  5192 | D:6      | Reached skill level 7 in Unarmed Combat
  5278 | D:6      | Found a stormy altar of Qazlal.
  5308 | D:6      | Noticed Grinder
  5333 | D:6      | Paralysed by Grinder for 4 turns
  5342 | D:6      | Killed Grinder
  5767 | D:6      | Reached skill level 8 in Unarmed Combat
  5786 | D:6      | Reached ** piety under Wu Jian
  5812 | D:6      | HP: 1/62 [gnoll sergeant/+0 spear (13)]
  6287 | D:7      | Found a sacrificial altar of Ru.
  6643 | D:7      | Reached XP level 10. HP: 69/69 MP: 10/10
  6873 | D:7      | Found a glowing golden altar of the Shining One.
  6916 | D:7      | Reached skill level 9 in Unarmed Combat
  7295 | D:8      | Noticed Prince Ribbit
  7303 | D:8      | Killed Prince Ribbit
  7555 | D:8      | Noticed Pikel
  7557 | D:8      | Noticed Maggie
  7564 | D:8      | Killed Pikel
  7567 | D:8      | Noticed Grum
  7574 | D:8      | Killed Maggie
  7574 | D:8      | HP: 2/71 [water moccasin (2)]
  7575 | D:8      | Reached skill level 5 in Evocations
  7805 | D:8      | Killed Grum
  7888 | D:8      | Reached *** piety under Wu Jian
  7951 | D:8      | Found a staircase to the Lair.
  7962 | D:8      | Reached skill level 10 in Unarmed Combat
  7995 | D:8      | Found a large runed translucent door.
  7995 | D:8      | Found a large runed translucent door.
  7995 | D:8      | Found a corrupted altar of Lugonu.
  7995 | D:8      | Noticed a white ugly thing
  7996 | D:8      | Noticed a cyan ugly thing
  8000 | D:8      | Noticed a kobold demonologist
  8001 | D:8      | Identified the +1 robe "Acim" {rC+}
  8001 | D:8      | Noticed a kobold demonologist
  8218 | D:8      | Found a blossoming altar of Fedhas.
  8340 | D:8      | Found a one-way gate to the infinite horrors of the Abyss.
  8419 | D:8      | Reached XP level 11. HP: 57/76 MP: 11/11
  9095 | D:9      | Found Guamutui's Antique Armour Emporium.
  9110 | D:9      | Found the +3 salamander hide armour {Flames, rFlCloud rF++
                  | rC--}
  9158 | D:9      | Reached skill level 11 in Unarmed Combat
  9417 | D:9      | Reached **** piety under Wu Jian
  9781 | D:10     | Entered Level 10 of the Dungeon
  9790 | D:10     | Noticed Erica
  9795 | D:10     | Found a staircase to the Orcish Mines.
  9801 | D:10     | Slain by Erica

Illustrated notes

Levels and vault maps discovered:
D:1:      dpeg_arrival_simpleton_c, layout_loops_corners,
          basic_ecumenical_altar, nicolae_eternal_life
D:2:      layout_basic, basic_altar
D:3:      layout_basic, mainiacjoe_overflow_surrounded_room, uniq_natasha,
          uniq_ijyb
D:4:      layout_loops_cross, nicolae_uskayaw_suspiria, xom_butterflies,
          temple_green, serial_shops, shop, uniq_sigmund, uniq_duvessa
D:5:      layout_basic, hellmonk_ghost_happy_afterlife, chequers_jeans,
          uniq_crazy_yiuf_cottage, uniq_blork_the_orc
D:6:      layout_rooms, lemuel_round_altar, hangedman_decor_clover_reticule,
          grunt_ministairs_11, minmay_bent, uniq_grinder
D:7:      layout_loops_ring, hangedman_ru_absence,
          mainiacjoe_overflow_tiny_flanked
D:8:      due_chaos_kobolds, layout_rooms, mainiacjoe_overflow_alcove_1,
          due_lair_maze_entry_diamond, uniq_grum, uniq_pikel,
          uniq_prince_ribbit1, uniq_maggie
D:9:      layout_cave_pools, serial_shops, shop, kennysheep_boxes
D:10:     layout_roguey, kennysheep_okawaru_gauntlet, david_orc_3, st_stairs_2,
          minmay_misc_feat_chi, uniq_amaemon, uniq_erica, uniq_erolcha
Temple:   nicolae_temple_bog_church

Skill      XL: |  1  2  3  4  5  6  7  8  9 10 11 |
---------------+----------------------------------+-----
Stealth        | 1 2 3 4 |  4.0
Unarmed Combat | 3 4 5 6 8 10 11 | 11.2
Evocations     | 1 2 4 5 6 |  6.7
Throwing       | 1 2 3 4 |  4.0
Fighting       | 4 5 6 7 8 |  8.3
Dodging        | 4 5 6 7 8 |  8.0
Shields        | 4 |  4.0

Action                     |  1- 3 |  4- 6 |  7- 9 | 10-12 || total
---------------------------+-------+-------+-------+-------++-------
  Melee: Unarmed           |    27 |    67 |   280 |   273 ||   647
         Constrict         |    23 |    15 |    54 |    53 ||   145
         Tentacles         |    14 |    17 |    57 |    57 ||   145
         Dagger            |    62 |     4 |       |       ||    66
         Punch             |       |     2 |    11 |    21 ||    34
  Throw: Stone             |    13 |     4 |       |       ||    17
         Dart              |       |     2 |    10 |       ||    12
         Javelin           |       |     3 |    12 |    15 ||    30
 Invoke: Serpent's Lash    |       |       |       |     1 ||     1
Ability: Lunge             |       |       |    39 |    39 ||    78
         Whirlwind         |       |       |    12 |    26 ||    38
         Wall Jump         |       |       |     1 |     6 ||     7
  Evoke: Wand              |       |     3 |     1 |    14 ||    18
    Use: Scroll            |     6 |     4 |     4 |     3 ||    17
         Potion            |       |     2 |     3 |     3 ||     8
   Stab: Sleeping          |    10 |     3 |    14 |     2 ||    29
         Paralysed         |       |     1 |       |    10 ||    11
         Distracted        |       |       |     1 |       ||     1
 Armour: Skin              |    35 |    24 |   129 |    99 ||   287
  Dodge: Dodged            |    52 |    34 |   133 |   113 ||   332
  Block: Buckler           |    12 |     9 |    53 |    44 ||   118
